 Dungeon Crawl Stone Soup version 0.26-b1-59-ge38874ec40 (webtiles) character file.

Game seed: 183795169428221775

74 jackrogers the Chopper (level 4, -4/40 HPs)
             Began as a Palentonga Berserker on Jan 9, 2021.
             Was a Believer of Trog.
             Splashed by a jelly's acid (5 damage)
             ... on level 2 of the Dungeon.
             The game lasted 00:04:32 (1204 turns).

jackrogers the Chopper (Palentonga Berserker)       Turns: 1204, Time: 00:04:33

Health: -4/40      AC:  0    Str: 21    XL:     4   Next: 9%
Magic:  4/4        EV: 10    Int:  7    God:    Trog [**....]
Gold:   89         SH:  0    Dex: 10    Spells: 3/3 levels left

rFire    . . .     SeeInvis +   c - +1 hand axe (venom)
rCold    . . .     Faith    .   (no shield)
rNeg     . . .     Spirit   .   b - +0 animal skin
rPois    .         Reflect  .   (no helmet)
rElec    .         Harm     .   (no cloak)
rCorr    .         Rampage  .   (no gloves)
Will     .....                  (no barding)
Stlth    +.........             (no amulet)
HPRegen  0.13/turn              (no ring)
MPRegen  0.09/turn              (no ring)

@: corroded, berserk cooldown, slowed, very slow
A: large, rugged brown scales 3, see invisible, deformed body, roll 1, armoured
tail
a: Rolling Charge, Renounce Religion, Berserk, Trog's Hand


You were on level 2 of the Dungeon.
You worshipped Trog.
Trog was pleased with you.
You visited 1 branch of the dungeon, and saw 2 of its levels.

You collected 89 gold pieces.

Inventory:

Hand Weapons
 a - a +0 hand axe
 c - a +1 hand axe of venom (weapon)
Missiles
 e - 3 javelins
Armour
 b - a +0 animal skin (worn)
Scrolls
 d - a scroll of immolation {unknown}
 f - a scroll of identify {unknown}
 g - a scroll of amnesia {unknown}
 i - a scroll of teleportation {unknown}
 j - a scroll of fog {unknown}
Potions
 h - a potion of degeneration {unknown}


   Skills:
 - Level 3.0 Fighting
 + Level 5.0 Axes
 - Level 1.5 Armour
 - Level 1.5 Dodging


You had 3 spell levels left.
You didn't know any spells.
Your spell library was empty.

Dungeon Overview and Level Annotations

Branches:
Dungeon (2/15)

Altars:

Annotations:
D:2 Sigmund


Innate Abilities, Weirdness & Mutations

You are completely covered in rugged brown scales. (AC +3, +7% HP)
You have supernaturally acute eyesight. (SInv)
Armour fits poorly on your strangely shaped body.
You can roll at nearby foes to attack.
You have a long armoured tail.


Message History

You bump into the rock wall.
Sigmund hits you from afar with a +0 scythe!
The jelly misses you.
You bump into the rock wall.
You feel less confused. The jelly closely misses you.
Sigmund barely misses you. The jelly hits you but does no damage.
Unknown command.
Sigmund barely misses you.
You barely miss Sigmund. You hit the jelly.
Your hands burn!
* * * LOW HITPOINT WARNING * * *
The jelly hits you.
* * * LOW HITPOINT WARNING * * *
You are splashed with acid!
* * * LOW HITPOINT WARNING * * *
Sigmund casts a spell at you. You resist with some effort. The jelly hits you.
* * * LOW HITPOINT WARNING * * *
The acid corrodes you!
You are splashed with acid.
You die...

.......#
.......###
.......... ...
.......### #.#
.......### #.# #
........)# #.# .#
# .....###)#
#.####.##.###
###### #.##
#.##@........
#..###.##@##....#
#.......?.J...#
#..#†..#####.##
...............
..
....##...#....#.
## ....
#...#...... ###
#..#.#.....##
#.##.#.....# #.
#.#......


You could see Sigmund and a jelly.

Vanquished Creatures
  An orc wizard (D:2)
  An adder (D:2)
  An ooze (D:2)
  2 leopard geckos
  4 orcs (D:2)
  4 bats
  2 goblins (D:1)
  A hobgoblin (D:2)
  4 jackals (D:1)
  A kobold (D:1)
  5 frilled lizards
  2 rats (D:1)
28 creatures vanquished.

Notes
Turn   | Place    | Note
-------+----------+-------------------------------------------
     0 | D:1      | jackrogers the Palentonga Berserker began the quest for the
                  | Orb.
     0 | D:1      | Reached XP level 1. HP: 20/20 MP: 1/1
   384 | D:1      | Reached XP level 2. HP: 27/27 MP: 2/2
   750 | D:1      | Reached skill level 4 in Axes
   872 | D:2      | Reached ** piety under Trog
   976 | D:2      | Reached XP level 3. HP: 27/33 MP: 3/3
   994 | D:2      | Reached XP level 4. HP: 20/40 MP: 4/4
  1001 | D:2      | Reached skill level 5 in Axes
  1191 | D:2      | Noticed Sigmund
  1204 | D:2      | HP: 2/40 [acid (9)]
  1204 | D:2      | Splashed by a jelly's acid

Illustrated notes

Levels and vault maps discovered:
D:1:      shiori_arrival_elements, layout_basic
D:2:      layout_rooms, uniq_sigmund

Skill      XL: |  1  2  3  4 |
---------------+-------------+-----
Axes           | 4 5 |  5.0
Fighting       | |  3.0
Armour         | |  1.5
Dodging        | |  1.5

Action                   |  1- 3 |  4- 6 || total
-------------------------+-------+-------++-------
Melee: Hand axe          |    70 |    10 ||    80
       Tailslap          |     8 |     1 ||     9
Invok: Berserk           |       |     1 ||     1
 Abil: Rolling Charge    |     6 |       ||     6
Armor: Animal skin       |    22 |     5 ||    27
Dodge: Dodged            |    39 |     8 ||    47
